 Dungeon Crawl Stone Soup version 0.24-a0-350-g5b3daab8ba (webtiles) character file.

Game seed: 15977803799951589532

1102 galech the Chopper (level 8, -2/91 HPs)
             Began as a Demonspawn Fighter on May 23, 2019.
             Was an Initiate of Okawaru.
             Succumbed to an orc wizard's poison
             ... on level 6 of the Dungeon.
             The game lasted 00:05:47 (5841 turns).

galech the Chopper (Demonspawn Fighter)             Turns: 5841, Time: 00:05:48

Health: -2/91      AC: 17    Str: 21    XL:     8   Next: 10%
Magic:  17/17      EV: 12    Int: 16    God:    Okawaru [......]
Gold:   263        SH: 10    Dex: 19    Spells: 7/7 levels left

rFire    . . .     SeeInvis .   a - +0 war axe
rCold    . . .     Gourm    .   c - +0 shield
rNeg     . . .     Faith    .   u - +0 chain mail
rPois    .         Spirit   .   A - +2 hat
rElec    .         Reflect  .   v - +0 cloak
rCorr    .         Harm     .   w - +0 pair of gloves (curse)
MR       .....                  o - +0 pair of boots (curse)
Stlth    ..........             (no amulet)
HPRegen  0.25/turn              m - ring of magical power
MPRegen  0.15/turn              (no ring)

@: brilliant, agile, berserking, lethally poisoned (-2 -> -45), hasted, very
quick
A: antennae 2, icy blue scales 1, rot immunity
a: Renounce Religion


You were on level 6 of the Dungeon.
You worshipped Okawaru.
Okawaru was noncommittal.
You were not hungry.

You visited 2 branches of the dungeon, and saw 7 of its levels.

You collected 263 gold pieces.

Inventory:

Hand Weapons
 a - a +0 war axe (weapon)
Armour
 c - a +0 shield (worn)
 o - a cursed +0 pair of boots (worn)
 u - a +0 chain mail (worn)
 v - a +0 cloak (worn)
 w - a cursed +0 pair of gloves (worn)
 z - a +1 leather armour of poison resistance
 A - a +2 hat (worn)
Jewellery
 m - a ring of magical power (left hand)
Wands
 q - a wand of digging (9)
 C - a wand of flame (17)
Scrolls
 e - 10 scrolls of identify {unknown}
 g - 3 scrolls of enchant weapon {unknown}
 h - a scroll of noise {unknown}
 l - 3 scrolls of teleportation {unknown}
 n - a scroll of amnesia {unknown}
 r - a scroll of fog {unknown}
 s - 3 scrolls of remove curse {unknown}
 t - a scroll of fear {unknown}
 y - a scroll of enchant armour {unknown}
Potions
 d - a potion of might
 k - 2 potions of flight
 p - a potion of brilliance
Comestibles
 f - 8 rations
 x - a chunk of flesh


   Skills:
 + Level 4.3 Fighting
 + Level 6.2 Axes
 + Level 4.3 Armour
 + Level 2.1 Dodging
 + Level 0.4 Stealth
 + Level 4.4 Shields


You had 7 spell levels left.
You didn't know any spells.
Your spell library was empty.

Dungeon Overview and Level Annotations

Branches:
Dungeon (6/15)             Temple (1/1) D:5

Altars:
Ashenzari
Cheibriados
Elyvilon
Hepliaklqana
Makhleb
Okawaru
Qazlal
Trog
Uskayaw
Zin

Annotations:
D:5 1 runed translucent door


Innate Abilities, Weirdness & Mutations

You have a pair of antennae on your head.
You are partially covered in icy blue scales. (AC +2)
You are immune to rotting.


Message History

* * * LOW HITPOINT WARNING * * *
You feel very sick. You block the orc wizard's attack.
A red film seems to cover your vision as you go berserk!
You feel yourself moving faster!
You feel mighty!
* * * LOW HITPOINT WARNING * * *
You feel sick. Something hits you but does no damage.
You are more poisoned.
You block the orc's attack.
The orc wizard hits you but does no damage.
You barely miss something. You hit the orc wizard.
You kill the orc wizard!
Okawaru accepts your kill.
You hit the orc.
* * * LOW HITPOINT WARNING * * *
You feel sick. Something hits you.
* * * LOW HITPOINT WARNING * * *
The orc hits you but does no damage.
You barely miss something. You hit the orc but do no damage.
You die...

..# #.#.#.....#
####.###.#.......#
#.....##.#########
#.....##.#
#.....##.#
#...).##.#
#...†.##.#
#..o{)##.#
#...@.##.#
#.....##.#
#.....##.#
#.....##.#
#.....##.#
.##.....##.#
#.........#.#
........#.#.#
............#


You could see an orc.

Vanquished Creatures
  An ice beast (D:3)
  A phantom (D:5)
  An ogre (D:4)
  A centaur (D:5)
  A scorpion (D:5)
  A centaur zombie (D:5)
  3 hounds
  A jelly (D:5)
  6 orc wizards
  Ijyb (D:4)
  3 worker ants
  A worker ant zombie (D:4)
  5 gnolls
  12 adders
  2 oozes (D:3)
  3 adder skeletons
  4 worms
  7 leopard geckos
  13 orcs
  4 giant cockroaches
  5 hobgoblins
  7 jackals
  3 quokkas
  6 bats
  A frilled lizard (D:3)
  4 goblins
  A jackal skeleton (D:5)
  10 kobolds
  A leopard gecko skeleton (D:5)
  2 rats (D:4)
111 creatures vanquished.

Vanquished Creatures (others)
  A rat (D:3)
1 creature vanquished.

Grand Total: 112 creatures vanquished

Notes
Turn   | Place    | Note
-------+----------+-------------------------------------------
     0 | D:1      | galech the Demonspawn Fighter began the quest for the Orb.
     0 | D:1      | Reached XP level 1. HP: 18/18 MP: 1/1
   261 | D:1      | Gained mutation: You are immune to rotting. [demonic
                  | ancestry]
   261 | D:1      | Reached XP level 2. HP: 24/24 MP: 2/2
   588 | D:1      | Reached skill level 2 in Axes
  1263 | D:2      | Gained mutation: You have a pair of small antennae on your
                  | head. [demonic ancestry]
  1263 | D:2      | Reached XP level 3. HP: 29/29 MP: 3/3
  1405 | D:2      | Found a white marble altar of Elyvilon.
  2090 | D:2      | Gained mutation: You are partially covered in icy blue
                  | scales. (AC +2) [demonic ancestry]
  2090 | D:2      | Reached XP level 4. HP: 35/35 MP: 4/4
  2758 | D:3      | Reached skill level 3 in Axes
  2813 | D:3      | Reached skill level 1 in Dodging
  2872 | D:3      | Found a stormy altar of Qazlal.
  2883 | D:3      | Noticed an ice beast
  2895 | D:3      | Killed an ice beast
  2895 | D:3      | Reached XP level 5. HP: 41/41 MP: 5/5
  3163 | D:3      | Found a glowing silver altar of Zin.
  3404 | D:4      | Noticed an ogre
  3413 | D:4      | Killed an ogre
  3413 | D:4      | Reached XP level 6. HP: 31/48 MP: 6/6
  3478 | D:4      | Found a bloodstained altar of Trog.
  3757 | D:4      | Reached skill level 4 in Axes
  3797 | D:4      | Noticed Ijyb
  3847 | D:4      | Killed Ijyb
  4071 | D:4      | Gained mutation: You have a pair of antennae on your head.
                  | [demonic ancestry]
  4071 | D:4      | Reached XP level 7. HP: 28/53 MP: 7/7
  4302 | D:4      | Reached skill level 5 in Axes
  4413 | D:4      | Found a stormy altar of Qazlal.
  4413 | D:4      | Found a snail-covered altar of Cheibriados.
  4497 | D:5      | Entered Level 5 of the Dungeon
  5143 | D:5      | Found a white marble altar of Elyvilon.
  5143 | D:5      | Found a runed translucent door.
  5143 | D:5      | Noticed an angel
  5156 | D:5      | Reached skill level 6 in Axes
  5156 | D:5      | Reached XP level 8. HP: 58/60 MP: 8/8
  5460 | D:5      | Found a staircase to the Ecumenical Temple.
  5621 | Temple   | Entered the Ecumenical Temple
  5627 | Temple   | Became a worshipper of Warmaster Okawaru
  5840 | D:6      | HP: 1/91 [something (4)]
  5841 | D:6      | Succumbed to an orc wizard's poison

Levels and vault maps discovered:
D:1:      nicolae_arrival_memento_mori, layout_basic, minmay_misc_feat_hallway,
          item_on_display_a
D:2:      layout_loops_corners, serial_bayou_ford_a, elyvilon_altar_4
D:3:      layout_loops_ring, zin_statuary, serial_rivers,
          chequers_serial_rivers_small_a, chequers_serial_rivers_room_a,
          chequers_serial_rivers_small_a, chequers_serial_rivers_small_b,
          chequers_serial_rivers_marsh, chequers_serial_rivers_small_a,
          grunt_qazlal_clouds
D:4:      layout_loops_ring, gammafunk_temple_overflow_elements,
          trog_butcher_becter, uniq_ijyb
D:5:      layout_loops_cross, minmay_temple_entry_fiery, first_ration,
          lemuel_angel_altar
D:6:      layout_basic, hangedman_decor_lopped, uniq_duvessa,
          uniq_prince_ribbit1, uniq_pikel
Temple:   eino_temple_rhombus

Skill      XL: |  1  2  3  4  5  6  7 |
---------------+----------------------+-----
Axes           | 2 3 4 6 |  6.2
Armour         | 3 4 |  4.3
Shields        | 3 4 |  4.4
Dodging        | 1 2 |  2.1
Fighting       | 4 |  4.3
Stealth        | |  0.4

Action                   |  1- 3 |  4- 6 |  7- 9 || total
-------------------------+-------+-------+-------++-------
Melee: War axe           |   124 |   254 |   241 ||   619
  Use: Potion            |       |     2 |     8 ||    10
  Eat: Chunk             |     4 |     7 |     6 ||    17
Armor: Scale mail        |    55 |    34 |       ||    89
       Chain mail        |       |   107 |   175 ||   282
Dodge: Dodged            |    39 |    48 |    47 ||   134
Block: Shield            |    64 |   130 |    99 ||   293

Table legend:
 A = Non-vault XP
 B = Vault XP
 C = Vault XP percentage of total XP
 D = Non-vault monster count
 E = Vault monster count
 F = Vault count percentage of total count
                 A         B        C        D         E       F
            +---------+---------+-------+---------+---------+-------
      Total |    1529 |      46 |   2.9 |     106 |       5 |   4.5
            +---------+---------+-------+---------+---------+-------
        D:1 |      35 |       0 |   0.0 |      12 |       0 |   0.0
        D:2 |      70 |       0 |   0.0 |      23 |       0 |   0.0
        D:3 |     202 |       0 |   0.0 |      17 |       0 |   0.0
        D:4 |     542 |      46 |   7.8 |      29 |       5 |  14.7
        D:5 |     586 |       0 |   0.0 |      20 |       0 |   0.0
        D:6 |      94 |       0 |   0.0 |       5 |       0 |   0.0
            +---------+---------+-------+---------+---------+-------
